 Dungeon Crawl Stone Soup version 0.22.1-2-g9c5b331383 (webtiles) character file.

2256 Jerry the Chopper (level 9, -8/77 HPs)
             Began as a Ghoul Gladiator on Nov 23, 2018.
             Mangled by a large slime creature (12 damage)
             ... on level 6 of the Dungeon.
             The game lasted 00:18:55 (5828 turns).

Jerry the Chopper (Ghoul Gladiator)                 Turns: 5828, Time: 00:18:56

Health: -8/77      AC: 13    Str: 20    XL:     9   Next: 37%
Magic:  0/8        EV: 10    Int:  4    God:
Gold:   242        SH:  0    Dex: 10    Spells: 8/8 levels left

rFire    . . .     SeeInvis .   g - +1 hand axe (flame)
rCold    + . .     Gourm    .   (no shield)
rNeg     + + +     Faith    .   t - +4 scale mail {MR+}
rPois    ∞         Spirit   +   c - +0 helmet
rElec    .         Reflect  .   y - +0 cloak
rCorr    .         Harm     .   (no gloves)
MR       +....                  (no boots)
Stlth    ++........             b - amulet of guardian spirit
HPRegen  0.00/turn              h - ring of wizardry
MPRegen  0.11/turn              (no ring)

@: rotting
A: rotting body, claws 1, carnivore, cold resistance 1, negative energy
resistance 3, inhibited regeneration, torment resistance, unbreathing
a: no special abilities


You were on level 6 of the Dungeon.
You were not hungry.

You visited 1 branch of the dungeon, and saw 7 of its levels.

You collected 242 gold pieces.

Inventory:

Hand Weapons
 a - a +0 war axe
 g - a +1 hand axe of flaming (weapon)
 l - a +0 blowgun
 r - a +2 flail of crushing
Missiles
 n - 26 poisoned needles
Armour
 c - a +0 helmet (worn)
 t - a +4 scale mail of magic resistance (worn)
 y - a +0 cloak (worn)
Jewellery
 b - an amulet of guardian spirit (around neck)
 h - a ring of wizardry (left claw)
Wands
 p - a wand of acid (3)
 x - a wand of flame (24)
Scrolls
 i - a scroll of immolation
 j - a scroll of fear
 k - a scroll of identify
 m - a scroll of remove curse {unknown}
 s - a scroll of teleportation {unknown}
 v - a scroll of enchant weapon
Potions
 d - a potion of brilliance
 e - 2 potions of haste
 o - 3 potions of mutation {unknown}
 u - 3 potions of curing
 w - 2 potions of heal wounds {unknown}
 z - a potion of berserk rage {unknown}
 A - a potion of magic {unknown}
Comestibles
 f - 6 rations


   Skills:
 + Level 6.3 Fighting
 * Level 7.6 Axes
 - Level 1.7 Throwing
 + Level 4.7 Armour
 - Level 2.6 Dodging
 + Level 6.3 Stealth


You had 8 spell levels left.
You didn't know any spells.
Your spell library was empty.

Dungeon Overview and Level Annotations

Branches:
Dungeon (7/15)
 Temple: D:4-7

Altars:
Dithmenos
Kikubaaqudgha
The Shining One

Shops:
D:6 %   D:7 }


Innate Abilities, Weirdness & Mutations

Your body is rotting away.
You thrive on raw meat.
You are immune to poison.
You have sharp fingernails.
You are carnivorous and can eat meat at any time.
Your flesh is cold resistant. (rC+)
You are immune to negative energy. (rN+++)
You do not regenerate when monsters are visible.
You are immune to unholy pain and torment.
You can survive without breathing.


Message History

The slime creature jiggles.
The ooze closely misses you.
The slime creature hits you but does no damage.
All of the chunks of flesh in your inventory have rotted away.
You slash the slime creature! You burn the slime creature.
The slime creature is heavily wounded.
Two slime creatures merge to form a large slime creature.
You hit the large slime creature but do no damage.
The large slime creature is moderately wounded.
Your scale mail prevents you from hitting the large slime creature.
The large slime creature is moderately wounded.
The large slime creature hits you but does no damage.
You hit the large slime creature. You burn the large slime creature.
The large slime creature is moderately wounded.
The large slime creature hits you!!
* * * LOW HITPOINT WARNING * * *
You barely miss the large slime creature.
The large slime creature is moderately wounded.
The large slime creature hits you!
You die...

........## #)..# ###...###..##
.........###..####.......#..#
..........#...# #.......P..##
......##..)...###....#.....#
#########.....)..PP.###....# #
##..............P..#
###.......J........P.# #
##.......##J##.._..##.# # ##
###........##@#.......#.######
.###...........#.#########..(....
#..................).....÷.......
#.#..............)###.####.......
#.##.........###......###..(...##
#.#...#####..# ###....#..((#..##.
.)#..## #..# ###...(..###.###
....## #..# ##......###### ....#
#..# #...)....###.


You could see a large slime creature and an ooze.

Vanquished Creatures
  Sigmund (D:5)
  A wyvern (D:5)
  Menkaure (D:4)
  Duvessa (D:5)
  A sky beast (D:6)
  An orc warrior (D:6)
  3 ogres
  A centaur (D:6)
  3 big kobolds (D:6)
  A bullfrog (D:5)
  A gnoll sergeant (D:6)
  Dowan (D:5)
  2 scorpions (D:6)
  4 jellies (D:6)
  A howler monkey (D:6)
  2 crimson imps (D:5)
  A bullfrog skeleton (D:6)
  Crazy Yiuf (D:5)
  An orc priest (D:4)
  An orc wizard (D:3)
  Ijyb (D:3)
  Terence (D:3)
  2 iguanas (D:5)
  7 adders
  4 gnolls (D:6)
  A shadow imp (D:6)
  5 oozes
  A worm (D:2)
  A dart slug (D:3)
  3 leopard geckos
  18 orcs
  A ball python (D:2)
  7 bats
  3 giant cockroaches
  5 goblins
  3 hobgoblins
  4 quokkas
  4 frilled lizards
  9 kobolds
  5 rats
114 creatures vanquished.

Vanquished Creatures (others)
  12 fungi (D:6)
  5 toadstools (D:6)
  2 withered plants (D:6)
19 creatures vanquished.

Grand Total: 133 creatures vanquished

Notes
Turn   | Place    | Note
-------+----------+-------------------------------------------
     0 | D:1      | Jerry the Ghoul Gladiator began the quest for the Orb.
     0 | D:1      | Reached XP level 1. HP: 17/17 MP: 0/0
   195 | D:1      | Reached XP level 2. HP: 22/24 MP: 1/1
   221 | D:1      | Reached skill level 3 in Axes
   253 | D:1      | Reached skill level 1 in Stealth
   639 | D:2      | Reached XP level 3. HP: 30/30 MP: 2/2
   904 | D:2      | Reached skill level 1 in Armour
  1249 | D:3      | Noticed Ijyb
  1269 | D:3      | Killed Ijyb
  1269 | D:3      | Reached XP level 4. HP: 28/37 MP: 3/3
  1455 | D:3      | Reached XP level 5. HP: 34/45 MP: 4/4
  1614 | D:3      | Noticed Terence
  1621 | D:3      | Killed Terence
  1933 | D:3      | Reached skill level 4 in Axes
  1995 | D:3      | Found a shadowy altar of Dithmenos.
  2312 | D:4      | Noticed Menkaure
  2323 | D:4      | Killed Menkaure
  2323 | D:4      | Reached XP level 6. HP: 49/52 MP: 5/5
  2919 | D:5      | Entered Level 5 of the Dungeon
  3001 | D:5      | Noticed Sigmund
  3031 | D:5      | Killed Sigmund
  3031 | D:5      | Reached skill level 5 in Axes
  3031 | D:5      | Reached XP level 7. HP: 11/59 MP: 6/6
  3300 | D:5      | Noticed Duvessa
  3326 | D:5      | Killed Duvessa
  3330 | D:5      | Noticed Dowan
  3448 | D:5      | Killed Dowan
  3471 | D:5      | Found a runed door.
  3475 | D:5      | Noticed Crazy Yiuf
  3481 | D:5      | Killed Crazy Yiuf
  3535 | D:5      | You fall through a shaft!
  3580 | D:6      | Reached XP level 8. HP: 55/67 MP: 7/7
  3798 | D:6      | Noticed a wyvern
  3814 | D:5      | Reached skill level 5 in Fighting
  3814 | D:5      | Reached skill level 6 in Axes
  3822 | D:5      | Killed a wyvern
  3875 | D:6      | Reached skill level 5 in Stealth
  4244 | D:6      | Found a glowing golden altar of the Shining One.
  4279 | D:6      | Found an ancient bone altar of Kikubaaqudgha.
  4351 | D:7      | Found Gilughoxt's Gadget Emporium.
  4351 | D:7      | Noticed a hippogriff
  4872 | D:6      | Reached skill level 7 in Axes
  4872 | D:6      | Reached XP level 9. HP: 40/75 MP: 4/8
  5282 | D:6      | Found Havveqed's Food Emporium.
  5828 | D:6      | Mangled by a large slime creature

Skill      XL: |  1  2  3  4  5  6  7  8  9 |
---------------+----------------------------+-----
Axes           | 3 4 5 7 |  7.6
Stealth        | 1 2 3 4 5 6 |  6.3
Armour         | 1 2 3 4 |  4.7
Fighting       | 3 4 5 6 |  6.3
Throwing       | |  1.7
Dodging        | |  2.6

Action                   |  1- 3 |  4- 6 |  7- 9 || total
-------------------------+-------+-------+-------++-------
Melee: War axe           |   116 |    58 |       ||   174
       Flail             |       |    49 |    13 ||    62
       Hand axe          |       |    96 |   283 ||   379
Throw: Throwing net      |       |     4 |     1 ||     5
Evoke: Wand              |       |       |     1 ||     1
  Use: Scroll            |       |     2 |     7 ||     9
 Stab: Held in net/web   |       |     3 |     1 ||     4
  Eat: Chunk             |    11 |    20 |    23 ||    54
Armor: Leather armour    |    26 |       |       ||    26
       Scale mail        |    31 |    83 |   135 ||   249
Dodge: Dodged            |    71 |   115 |   155 ||   341
